Map: Zen LE

Players

Zest - Winner!

  • Race: Protoss Protoss
  • League: Master
  • Spawn Location: 1:00

AfreecaDRG (DRG)

  • Race: Zerg Zerg
  • Spawn Location: 7:00

Event: Shopify TSL 5

VOD

Have the link to the VOD?

Description

Time

  • Played on: May 24, 2020, 10:47 a.m.
  • Length: 12:39

All games in this series

Show
View Real Time Build Order
Export as new Build Order

Zest Protoss - Winner!

Build Orders: 1 Gate Expand, Oracle Opening 

Get SALT Encoding   

  12  0:00  Probe  
  13  0:12  Probe  
  14  0:20  Pylon  
  14  0:25  Probe  
  15  0:38  Probe (Chrono Boost)  
  15  0:40  Gateway  
  17  0:50  Probe (Chrono Boost)  
  17  0:51  Assimilator  
  17  0:54  Probe (Chrono Boost)  
  18  1:05  Probe  
  19  1:17  Probe  
  20  1:27  Nexus  
  20  1:38  Cybernetics Core  
  20  1:41  Probe  
  21  1:47  Assimilator  
  21  1:53  Probe  
  22  1:57  Pylon  
  22  2:05  Probe (Chrono Boost)  
  23  2:12  Adept (Chrono Boost)  
  26  2:15  Warp Gate  
  26  2:16  Probe (Chrono Boost)  
  26  2:21  Probe (Chrono Boost)  
  26  2:26  Stargate  
  27  2:33  Probe  
  27  2:35  Stalker (Chrono Boost)  
  28  2:41  Probe  
  31  2:45  Probe  
  32  2:53  Probe  
  32  2:57  Probe  
  34  3:05  Probe, Gateway  
  35  3:07  Oracle (Chrono Boost)  
  35  3:12  Probe  
  39  3:17  Adept, Probe  
  42  3:24  Probe, Pylon  
  43  3:29  Probe  
  43  3:30  Pylon  
  44  3:39  Oracle (Chrono Boost)  
  44  3:40  Probe  
  45  3:41  Probe  
  45  3:48  Pylon  
  49  3:52  Probe  
  49  3:53  Probe  
  51  4:04  Probe  
  51  4:05  Adept  
  51  4:06  Adept, Probe  
  51  4:09  Assimilator  
  57  4:14  Assimilator  
  57  4:16  Probe  
  58  4:18  Probe  
  59  4:25  Nexus  
  59  4:27  Pylon  
  59  4:28  Probe  
  59  4:30  Probe, Pylon  
  61  4:34  Sentry  
  63  4:39  Robotics Facility  
  63  4:41  Sentry  
  65  4:47  Gateway  
  65  4:48  Gateway  
  65  4:54  Probe x2  
  65  4:59  Shield Battery  
  67  5:00  Pylon  
  67  5:05  Twilight Council  
  67  5:09  Forge  
  67  5:11  Probe  
  67  5:12  Probe  
  67  5:13  Sentry  
  71  5:23  Probe  
  71  5:24  Immortal (Chrono Boost), Probe  
  78  5:35  Probe (Chrono Boost)  
  78  5:36  Probe (Chrono Boost)  
  78  5:38  Probe (Chrono Boost)  
  80  5:43  Protoss Ground Weapons Level 1  
  80  5:44  Charge  
  80  5:46  Probe (Chrono Boost)  
  80  5:47  Probe (Chrono Boost)  
  80  5:48  Probe (Chrono Boost)  
  83  5:51  Probe (Chrono Boost)  
  83  5:52  Probe (Chrono Boost)  
  83  5:53  Probe (Chrono Boost)  
  83  5:54  Assimilator  
  83  5:55  Assimilator  
  83  5:56  Observer  
  87  6:00  Templar Archives  
  87  6:01  Probe  
  87  6:02  Probe  
  89  6:05  Probe  
  89  6:07  Pylon  
  90  6:15  Gateway  
  90  6:16  Gateway  
  90  6:21  Immortal (Chrono Boost)  
  94  6:27  Gateway x2  
  94  6:30  Psionic Storm  
  94  6:42  Zealot x4  
  102  6:50  Immortal (Chrono Boost)  
  102  6:52  Pylon  
  102  6:54  Pylon  
  106  6:56  Photon Cannon  
  106  7:03  High Templar x3  
  106  7:05  Pylon  
  106  7:08  High Templar  
  114  7:14  Pylon x2  
  114  7:20  Photon Cannon  
  114  7:23  Observer  
  114  7:24  Pylon  
  114  7:26  Photon Cannon  
  114  7:27  Blink (Chrono Boost)  
  116  7:37  Photon Cannon  
  116  7:46  Protoss Shields Level 1 (Chrono Boost)  
  116  7:48  Stalker x4  
  116  7:49  Stalker x2  
  126  7:52  Pylon  
  126  7:53  Pylon  
  126  8:01  Photon Cannon  
  126  8:04  Photon Cannon, Pylon  
  126  8:08  Zealot  
  126  8:09  Zealot  
  126  8:10  Observer (Chrono Boost)  
  131  8:18  Probe x2  
  131  8:19  Probe  
  134  8:30  Gateway  
  134  8:33  Gateway  
  134  8:35  Zealot x8  
  134  8:41  Pylon  
  150  8:42  Pylon  
  150  9:00  Zealot  
  152  9:03  High Templar x7  
  152  9:06  Nexus  
  152  9:08  Pylon  
  152  9:09  Archon x3  
  166  9:12  Warp Prism (Chrono Boost)  
  168  9:24  Pylon  
  168  9:36  High Templar x4  
  168  9:38  Protoss Ground Weapons Level 2 (Chrono Boost)  
  176  9:39  Zealot x6  
  176  9:44  Gateway  
  188  9:46  Gateway  
  188  9:48  Gateway  
  184  10:01  Warp Prism (Chrono Boost)  
  184  10:02  Archon x2  
  186  10:12  Stalker x6  
  182  10:54  High Templar x3  
  182  10:55  High Templar  
  178  10:58  Zealot x4  
  178  10:59  Stalker x4  
  178  11:00  Probe, Stalker  
  178  11:01  Probe  
  198  11:09  Observer, Probe x2  
  184  11:14  Observer  
  176  11:23  Probe x3  
  174  11:29  Observer  
  174  11:33  Stalker x9  
  189  11:57  Zealot x7  
  189  11:58  Zealot x2  
  189  11:59  Zealot  
  187  12:19  Archon  
  187  12:22  Stalker x7  
Show
View Real Time Build Order
Export as new Build Order

AfreecaDRG Zerg 

Build Orders: Hatch First 

Get SALT Encoding   

  12  0:00  Drone  
  13  0:12  Overlord  
  13  0:17  Drone  
  14  0:30  Drone x2  
  16  0:50  Hatchery  
  16  0:51  Drone  
  16  0:54  Drone  
  17  0:58  Drone  
  18  1:08  Extractor  
  17  1:14  Spawning Pool  
  17  1:16  Drone  
  17  1:19  Drone  
  18  1:27  Drone  
  19  1:38  Overlord  
  19  2:00  Queen  
  22  2:01  Zergling x4  
  22  2:02  Queen  
  22  2:03  Drone  
  26  2:11  Metabolic Boost  
  26  2:12  Zergling x2  
  26  2:14  Drone  
  28  2:23  Drone  
  28  2:24  Drone  
  30  2:33  Drone  
  30  2:35  Drone  
  32  2:44  Hatchery  
  32  2:48  Overlord  
  32  2:50  Drone  
  32  2:55  Drone  
  32  2:57  Drone  
  34  3:04  Drone  
  34  3:10  Drone x4  
  34  3:12  Drone  
  39  3:14  Overlord  
  39  3:17  Drone  
  40  3:20  Queen  
  40  3:24  Drone  
  43  3:31  Roach Warren  
  42  3:35  Zergling x6  
  45  3:41  Drone  
  45  3:42  Drone  
  45  3:43  Drone  
  45  3:44  Zergling x4  
  45  3:48  Overlord  
  50  3:52  Zergling x2  
  51  3:58  Queen  
  53  4:03  Spore Crawler  
  53  4:04  Drone x3, Spore Crawler  
  53  4:07  Drone  
  53  4:08  Drone  
  56  4:11  Drone  
  56  4:14  Spore Crawler  
  56  4:19  Drone x2  
  56  4:22  Overlord  
  58  4:25  Drone x2  
  58  4:26  Overlord  
  60  4:32  Overlord  
  60  4:36  Overlord  
  60  4:41  Lair  
  60  4:43  Drone x5  
  60  4:44  Drone  
  66  4:47  Drone  
  66  4:48  Drone  
  64  4:55  Drone  
  64  4:56  Drone  
  64  4:59  Extractor  
  64  5:00  Extractor, Drone x3  
  64  5:02  Drone  
  64  5:04  Evolution Chamber  
  64  5:05  Drone x2  
  64  5:06  Drone x2  
  70  5:10  Drone  
  70  5:11  Drone x2  
  70  5:12  Drone  
  74  5:14  Drone  
  74  5:21  Extractor  
  74  5:22  Extractor, Drone x2  
  74  5:24  Drone  
  74  5:26  Extractor, Drone x3  
  78  5:31  Drone x2, Zerg Melee Weapons Level 1  
  78  5:34  Drone x3  
  83  5:42  Spire, Glial Reconstitution  
  82  5:47  Drone  
  83  5:51  Drone x2  
  83  5:52  Drone  
  83  5:54  Overseer  
  86  5:58  Overlord  
  86  5:59  Hatchery  
  86  6:01  Roach x2  
  86  6:03  Overlord x2  
  89  6:04  Overlord  
  89  6:08  Overlord x2  
  89  6:12  Overlord x2  
  89  6:23  Roach x6  
  101  6:27  Roach x3  
  101  6:32  Roach x3  
  113  6:33  Overseer  
  113  6:54  Overseer  
  115  7:01  Roach x4  
  115  7:02  Roach  
  115  7:03  Overlord  
  115  7:04  Overlord  
  115  7:07  Drone x3  
  115  7:08  Drone x2  
  128  7:14  Baneling Nest  
  127  7:17  Drone x8  
  135  7:30  Queen, Drone x3  
  135  7:35  Evolution Chamber, Spore Crawler  
  138  7:42  Ravager x3  
  138  7:43  Ravager x4  
  138  7:44  Zergling x18  
  154  7:47  Overlord  
  154  7:50  Zergling x12  
  160  7:57  Drone x2  
  160  7:58  Zerg Melee Weapons Level 2  
  162  7:59  Extractor  
  162  8:01  Drone  
  162  8:03  Evolution Chamber, Centrifical Hooks  
  162  8:05  Zerg Missile Weapons Level 1, Hatchery  
  160  8:09  Drone x4  
  160  8:10  Pneumatized Carapace  
  164  8:17  Zergling x10  
  169  8:20  Baneling  
  169  8:21  Baneling x11  
  169  8:25  Overlord x2  
  169  8:32  Zerg Ground Armor Level 1  
  169  8:35  Zergling x2  
  169  8:36  Zergling x12  
  175  8:41  Roach x3  
  175  8:42  Roach, Overlord x3  
  175  8:46  Zergling x12  
  189  8:51  Extractor  
  189  8:52  Baneling x14  
  188  8:56  Zergling x10  
  188  9:02  Zergling x4  
  195  9:07  Infestation Pit  
  194  9:12  Baneling x8  
  194  9:13  Baneling x10  
  194  9:24  Zergling x12  
  200  9:28  Baneling  
  200  9:29  Baneling x14  
  199  9:37  Baneling  
  199  9:38  Baneling  
  199  9:45  Hive  
  198  10:00  Drone x2  
  199  10:09  Zerg Missile Weapons Level 2  
  199  10:10  Hatchery  
  198  10:15  Drone  
  199  10:23  Overseer  
  199  10:25  Overlord  
  199  10:43  Baneling x8  
  175  10:51  Zergling x36  
  175  10:54  Zergling x24  
  189  11:12  Baneling x26  
  186  11:19  Zergling x2  
  186  11:20  Zergling x26  
  186  11:22  Baneling x7  
  186  11:23  Baneling x13  
  197  11:31  Zergling x6  
  200  11:44  Spine Crawler  
  200  11:46  Baneling  
  200  11:47  Baneling x5  
  199  11:53  Hatchery  
  182  11:55  Zergling x24  
  182  11:56  Zergling x24  
  182  11:58  Zergling x2  
  182  12:01  Zergling x10  
  185  12:03  Baneling x6  
  185  12:05  Zergling x4  
  185  12:06  Zergling x8  
  182  12:11  Zergling x12  
  183  12:18  Roach x3  
  183  12:20  Zergling x2  
  183  12:21  Zergling x2  
Tags
 
Add a new tag
Caveats
  • Supply blocks, unpowered buildings, or Contaminate may cause inaccurate times.
  • Supply counts are checked every 10 seconds.